 Dungeon Sprint DCSS version 0.29-a0-1016-g236c7fd91e (webtiles) character file.

Game seed: 11217428717755399462

0 Hubris850 the Conjurer (level 3, -3/19 HPs)
             Began as a Deep Elf Conjurer on Aug 9, 2022.
             Was an Initiate of Vehumet.
             Killed from afar by a white imp (11 damage)
             ... with a puff of frost
             ... in the Dungeon (Sprint VI: "Thunderdome").
             The game lasted 00:01:07 (37 turns).

Hubris850 the Conjurer (Deep Elf Conjurer)            Turns: 37, Time: 00:01:07

Health: -3/19      AC:  2    Str:  4    XL:     3   Next: 25%
Magic:  0/10       EV: 13    Int: 24    God:    Vehumet [......]
Gold:   1          SH:  0    Dex: 13    Spells: 9/10 levels left

rFire   . . .      SeeInvis .   (no weapon)
rCold   . . .      Faith    .   (no shield)
rNeg    . . .      Spirit   .   a - +0 robe
rPois   .          Reflect  .   (no helmet)
rElec   .          Harm     .   (no cloak)
rCorr   .          Rampage  .   (no gloves)
Will    .....      NoTele   +   (no boots)
Stlth   ++........              (no amulet)
HPRegen 0.06/turn               (no ring)
MPRegen 0.12/turn               (no ring)

@: no status effects
A: no striking features
a: Renounce Religion


You were in the Dungeon.
You worshipped Vehumet.
Vehumet was noncommittal.
You visited 1 branch You collected 200 gold pieces.
You spent 199 gold pieces at shops.

Inventory:

Armour
 a - a +0 robe (worn)
 l - the +2 robe "Ireed" {Str+8 Int-4}
   (You bought it in a shop in the Dungeon)

   Str:       It affects your strength (+8).
   Int:       It affects your intelligence (-4).
Wands
 h - a wand of acid (3)
 i - a wand of roots (5)
Scrolls
 g - 4 scrolls of blinking
 j - 3 scrolls of butterflies
Potions
 b - 3 potions of magic
 c - a potion of curing
 d - 4 potions of heal wounds
 e - 4 potions of haste
 f - a potion of berserk rage
 k - a potion of resistance


   Skills:
 - Level 3.2 Dodging
 - Level 3.0 Stealth
 + Level 4.4 Spellcasting
 + Level 7.5 Conjurations


You had 9 spell levels left.
You knew the following spells:

 Your Spells              Type           Power      Damage    Failure   Level
a - Magic Dart            Conj           100%       1d8       1%          1

Your spell library contained the following spells:

 Spells                   Type           Power      Damage    Failure   Level
 Searing Ray              Conj           82%        2d7       1%          2
 Dazzling Flash           Conj/Hex       46%        N/A       6%          3
 Fulminant Prism          Conj/Hex       11%        3d9       21%         4
 Iskenderun's Mystic Bla  Conj/Tloc      23%        2d6       21%         4


Dungeon Overview and Level Annotations

Branches:
Dungeon (1/1)

Altars:
Cheibriados
Fedhas
Gozag
Kikubaaqudgha
Makhleb
Vehumet
The Shining One
Lugonu

Shops:
D *[?


Message History

You kneel at the altar of Vehumet.
Vehumet welcomes you!
There is an entrance to Gechy's Advanced Armour here.
l - the +2 robe "Ireed" {Str+8 Int-4} Thank you for shopping at Gechy's Advanced Armour!
There are no items here.
You start resting.
A white imp comes into view. x2
The magic dart hits the white imp.
The white imp is lightly wounded.
The white imp shouts!
The white imp shouts, "Crawl home, thou tender saucy cross-patch!"
The magic dart hits the white imp.
The white imp is moderately wounded.
The magic dart hits the white imp but does no damage.
The white imp is moderately wounded.
The magic dart hits the white imp.
The white imp is heavily wounded.
The magic dart hits the white imp but does no damage.
The white imp is heavily wounded.
The white imp gestures at you. The puff of frost hits you!
Ouch! That really hurt!
Aiming: Corrosive Bolt
Press: ? - help, Shift-Dir - straight line, f/p - white imp
Aim: a white imp (heavily wounded, 71% to hit)
The bolt of acid hits the white imp!!
You kill the white imp!
Vehumet accepts your kill. The white imp gestures at you.
The puff of frost misses you.
Aiming: Corrosive Bolt
Press: ? - help, Shift-Dir - straight line, f - white imp
Aim: a white imp (71% to hit)
The bolt of acid hits the white imp.
The acid corrodes the white imp!
The white imp is severely wounded.
The white imp gestures at you. The puff of frost hits you!
Ouch! That really hurt!
You die...

###.........###
#⌠....... ..⌠#
######.8..... ..8.#
##.___......# .....
###∩........8.# .8...
##.............###.....
#⌠.......5..###...#
#⌠..........# #.<.#
#§.....@....###...#
##.............###..
###∩........8.# .8..
##∩_._......# .....
######.8..... ..8.#
#⌠....... ..⌠#
###...... .### _....
...


You could see a white imp (corroded).

Vanquished Creatures
  A quasit (D)
  A white imp (D)
2 creatures vanquished.

Notes
Turn   | Place    | Note
-------+----------+-------------------------------------------
     0 | D        | Hubris850 the Deep Elf Conjurer began the quest for the
                  | Orb.
     0 | D        | Reached XP level 1. HP: 10/10 MP: 6/6
     1 | D        | Found a snail-covered altar of Cheibriados.
     1 | D        | Found an opulent altar of Gozag.
     2 | D        | Found a corrupted altar of Lugonu.
     2 | D        | Found an ancient bone altar of Kikubaaqudgha.
     3 | D        | Found a glowing golden altar of the Shining One.
     3 | D        | Found a burning altar of Makhleb.
     4 | D        | Found a radiant altar of Vehumet.
     4 | D        | Found Bantei's Identification Station.
     5 | D        | Found Oter's Jewellery.
     5 | D        | Found Gechy's Advanced Armour.
     5 | D        | Round 1.
     7 | D        | Noticed a quasit
     7 | D        | Found a blossoming altar of Fedhas.
    11 | D        | Killed a quasit
    12 | D        | Reached skill level 7 in Conjurations
    12 | D        | Reached XP level 2. HP: 15/15 MP: 2/9
    12 | D        | Reached XP level 3. HP: 19/19 MP: 2/10
    15 | D        | Became a worshipper of Vehumet
    20 | D        | Bought a smoking robe for 199 gold pieces
    20 | D        | Identified the +2 robe "Ireed" {Str+8 Int-4} (You bought it
                  | in a shop in the Dungeon)
    37 | D        | Killed from afar by a white imp

Illustrated notes

Levels and vault maps discovered:
D:        arena_sprint

Skill      XL: |  1 |
---------------+----+-----
Dodging        | 3 |  3.2
Stealth        | 3 |  3.0
Spellcasting   | 4 |  4.4
Conjurations   | 7 |  7.5

Action                   || total
-------------------------++-------
 Cast: Magic Dart        ||     9
Evoke: Wand              ||     2
Dodge: Dodged            ||     4

Table legend: (Time is in decaauts)
 A = Elapsed time spent in this place.
 B = Non-inter-level travel time spent in this place.
 C = Inter-level travel time spent in this place.
 D = Time resting spent in this place.
 E = Time spent auto-exploring this place.
 F = Levels seen in this place.
 G = Mean time per level.
                   A        B        C        D        E       F      G
               +--------+--------+--------+--------+--------+-----+--------+
         Total |     37 |     37 |      0 |      8 |      0 |   1 |   37.0 |
       Dungeon |     37 |     37 |      0 |      8 |      0 |   1 |   37.0 |
               +--------+--------+--------+--------+--------+-----+--------+

Top non-repeatable levels by time:
       D: 37 daAuts
